AoeStats
← SeemsFishy

Black Forest

507562609Analyzed
4v4 RM · 15d ago on Sep 18, 2026· 40m 16s· 8 players
Game mode
Random Map
Map size
Large (8 player)
Population
200
Speed
Normal
Resources
Standard
Victory
Conquest
Starting age
Dark Age
Ending age
Imperial Age
RankedLock teamsTeams togetherTeam positionsShared explorationLock speedFull tech treeHidden civsTurbo modeCheats
Victory
Defeat
🇬🇧 Koreans · United Kingdom
1393
+15
🇲🇽 Poles · Mexico
1266
+20
🇮🇳 Byzantines · India
1265
+20
🇨🇳 Portuguese · China
1263
+20
🇲🇽 Goths · Mexico
1407
-20
🇩🇪 Franks · Germany
1357
-19
🇧🇷 Sicilians · Brazil
1344
-18
🇩🇪 Saracens · Germany
1336
-18
cortes.av
12:07 Feudal Age
16:24 Castle Age
[VL] mardang
0:43 Loom
20:39 Feudal Age
24:31 Castle Age
22:49 Double-Bit Axe
24:36 Horse Collar
25:33 Bow Saw
29:50 Town Watch
Das Frettchen
1:12 Loom
10:59 Feudal Age
15:28 Castle Age
13:38 Double-Bit Axe
13:51 Horse Collar
17:30 Wheelbarrow
21:54 Town Watch
23:58 Hand Cart
32:46 Imperial Age
31:35 Scale Barding Armor
31:36 Heavy Plow
32:20 Town Watch
34:55 Chemistry
34:05 Gold Mining
34:53 Stone Mining
34:34 Onager
35:51 Conscription
36:37 Gold Shaft Mining
37:52 Chain Barding Armor
38:09 Elite Mameluke
39:13 Bow Saw
39:49 Forging
40:15 Plate Barding Armor
kampflaus
4:39 Loom
10:37 Feudal Age
14:47 Castle Age
12:42 Double-Bit Axe
16:08 Bow Saw
16:26 Loom
19:44 Stone Mining
19:50 Gold Mining
23:10 Wheelbarrow
24:15 Scale Barding Armor
24:22 Forging
25:00 Husbandry
25:46 Chain Barding Armor
29:07 Iron Casting
30:04 Hand Cart
30:06 Masonry
31:02 Fletching
31:48 Gold Shaft Mining
33:47 Imperial Age
31:49 Bodkin Arrow
31:42 Town Watch
33:54 Cavalier
34:13 Cavalier
35:47 Plate Barding Armor
36:12 Blast Furnace
36:05 Paladin
wuyu
1:41 Loom
11:16 Feudal Age
16:27 Castle Age
14:39 Double-Bit Axe
19:29 Wheelbarrow
25:32 Caravan
35:10 Gold Mining
35:14 Fletching
36:30 Hand Cart
40:16 Imperial Age
38:37 Fortified Wall
_HerculePoirot_
11:32 Feudal Age
14:04 Loom
16:33 Castle Age
14:50 Double-Bit Axe
14:45 Horse Collar
17:40 Bow Saw
22:51 Heavy Plow
26:17 Imperial Age
23:54 Gold Mining
24:05 Fletching
24:21 Crossbowman
25:28 Bodkin Arrow
26:08 Padded Archer Armor
27:01 Leather Archer Armor
27:08 Leather Archer Armor
28:08 Chemistry
28:07 Bracer
29:48 Wheelbarrow
29:42 Thumb Ring
30:49 Arbalester
33:07 Ring Archer Armor
32:59 Ballistics
34:08 Treadmill Crane
SeemsFishy
0:51 Loom
16:33 Feudal Age
22:52 Castle Age
22:14 Double-Bit Axe
22:23 Gold Mining
22:21 Horse Collar
23:57 Bow Saw
24:17 Heavy Plow
26:34 Wheelbarrow
27:25 Hand Cart
30:49 Fletching
32:44 Scale Mail Armor
32:55 Forging
32:40 Bodkin Arrow
33:52 Chain Mail Armor
33:26 Arson
33:42 Squires
34:25 Gold Mining
34:33 Stone Mining
36:18 Gold Shaft Mining
36:21 Stone Shaft Mining
37:38 Iron Casting
40:51 Imperial Age
41:02 Ballistics
40:53 Masonry
40:24 Treadmill Crane
40:40 Murder Holes
MEX_Angel_Tj
11:37 Feudal Age
10:59 Loom
13:45 Wheelbarrow
13:02 Double-Bit Axe
13:10 Horse Collar
16:22 Castle Age
17:32 Hand Cart
20:45 Bow Saw
23:30 Gold Mining
23:42 Heavy Plow
26:14 Stone Mining
27:35 Town Watch
28:29 Stone Shaft Mining
28:11 Scale Barding Armor
28:16 Forging
30:57 Imperial Age
29:45 Chain Barding Armor
30:01 Iron Casting
31:11 Husbandry
31:23 Bloodlines
31:21 Light Cavalry
33:13 Blast Furnace
32:56 Crop Rotation
32:20 Winged Hussar
33:15 Szlachta Privileges
33:35 Lechitic Legacy
33:36 Conscription
33:44 Caravan
34:15 Coinage
35:40 Scale Mail Armor
35:40 Padded Archer Armor
35:30 Fletching
37:07 Chemistry
38:07 Leather Archer Armor
37:48 Bodkin Arrow
38:08 Chain Mail Armor
38:28 Pikeman
39:08 Squires
39:13 Bracer
Connection lost

Rejoining the realm…

Still unreachable

The connection could not be restored.

Session expired

The server has moved on; the page needs a fresh start.